 Dungeon Crawl Stone Soup version 0.30-a0-728-gc68057be0a (webtiles) character file.

Game seed: 14820079931639286616

2 lilitu the Shield-Bearer (level 1, -1/20 HPs)
             Began as a Minotaur Fighter on Jan 31, 2023.
             Slain by a ball python (2 damage)
             ... on level 1 of the Dungeon.
             The game lasted 00:00:12 (101 turns).

lilitu the Shield-Bearer (Minotaur Fighter)          Turns: 101, Time: 00:00:13

Health: -1/20      AC:  6    Str: 20    XL:     1   Next: 25%
Magic:  0/0        EV:  6    Int:  5    God:
Gold:   16         SH:  4    Dex:  9    Spells: 0/0 levels left

rFire   . . .      SeeInvis .    a - +0 flail
rCold   . . .      Faith    .    c - +0 buckler
rNeg    . . .      Spirit   .    b - +0 scale mail
rPois   .          Reflect  .    (helmet restricted)
rElec   .          Harm     .    (no cloak)
rCorr   .          Rampage  .    (no gloves)
Will    .....                    (no boots) Stlth
                                 (no amulet)
HPRegen 0.23/turn                (no ring)
MPRegen 0.07/turn                (no ring)

@: constricted
A: horns 2, retaliatory headbutt
a: no special abilities


You were on level 1 of the Dungeon.
You visited 1 branch of the dungeon, and saw 1 of its levels.

You collected 16 gold pieces.

Inventory:

Hand Weapons
 a - a +0 flail (weapon)
Missiles
 e - 4 poisoned darts (quivered)
Armour
 b - a +0 scale mail (worn)
 c - a +0 buckler (worn)
Potions
 d - a potion of might


   Skills:
 + Level 3.6 Fighting
 + Level 2.4 Maces & Flails
 + Level 0.1 Throwing
 + Level 3.6 Armour
 + Level 3.6 Shields


You couldn't memorise any spells.
You didn't know any spells.
Your spell library was empty.

Dungeon Overview and Level Annotations

Branches:
Dungeon (1/15)

Altars:


Innate Abilities, Weirdness & Mutations

You have a pair of horns on your head.
You reflexively headbutt those who attack you in melee.


Message History

A bat comes into view.
You closely miss the hobgoblin. The bat misses you.
You block the hobgoblin's attack. The ball python bites you.
The ball python grabs you. The ball python constricts you.
The hobgoblin hits you.
The ball python bites you but does no damage.
The ball python constricts you.
You hit the hobgoblin.
The hobgoblin is heavily wounded.
The bat hits you but does no damage. You block the bat's attack.
The ball python bites you but does no damage.
The ball python constricts you.
The hobgoblin hits you but does no damage. x2
You hit the hobgoblin.
The hobgoblin is almost dead.
The bat barely misses you. You block the ball python's attack.
The ball python constricts you.
A rat comes into view.
The hobgoblin barely misses you.
The hobgoblin hits you but does no damage.
The ball python bites you. The ball python constricts you.
You hit the hobgoblin but do no damage.
The hobgoblin is almost dead.
The bat barely misses you. You furiously retaliate!
You headbutt the bat, but do no damage. The hobgoblin hits you.
The hobgoblin hits you but does no damage.
The ball python bites you but does no damage.
The ball python constricts you.
* * * LOW HITPOINT WARNING * * *
You closely miss the ball python. Your headbutt misses the ball python.
The bat hits you but does no damage. The hobgoblin hits you.
* * * LOW HITPOINT WARNING * * *
The ball python barely misses you. The ball python constricts you.
The hobgoblin barely misses you.
The hobgoblin hits you but does no damage.
You block the hobgoblin's attack. The ball python bites you.
* * * LOW HITPOINT WARNING * * *
The ball python constricts you.
You barely miss the ball python. The ball python bites you.
You die...

~.......†........[#
~........)......#.#
~...............#.#
~..........>...##$#
≈..............# .####..
~.............###.......
≈............)..>.......
...############.######
.. #...@..# #.>ggS.#
.......b..# ####......#
#...r..# ........
#####.###. #.# .#


You could see 2 hobgoblins, a bat, a ball python and a rat.

Vanquished Creatures
  A quokka (D:1)
  A goblin (D:1)
2 creatures vanquished.

Notes
Turn   | Place    | Note
-------+----------+-------------------------------------------
     0 | D:1      | lilitu the Minotaur Fighter began the quest for the Orb.
     0 | D:1      | Reached XP level 1. HP: 19/19 MP: 0/0
   100 | D:1      | HP: 1/20 [ball python (1)]
   101 | D:1      | Slain by a ball python

Illustrated notes

Levels and vault maps discovered:
D:1:      dpeg_arrival_castle, layout_rooms

Action                     || total
---------------------------++-------
  Melee: Flail             ||    12
         Headbutt          ||     1
 Armour: Scale mail        ||    14
  Dodge: Dodged            ||     6
  Block: Buckler           ||     7

Table legend: (Time is in decaauts)
 A = Elapsed time spent in this place.
 B = Non-inter-level travel time spent in this place.
 C = Inter-level travel time spent in this place.
 D = Time resting spent in this place.
 E = Time spent auto-exploring this place.
 F = Levels seen in this place.
 G = Mean time per level.
                   A        B        C        D        E       F      G
               +--------+--------+--------+--------+--------+-----+--------+
         Total |    106 |    106 |      0 |      0 |     77 |   1 |  106.0 |
       Dungeon |    106 |    106 |      0 |      0 |     77 |   1 |  106.0 |
               +--------+--------+--------+--------+--------+-----+--------+

Top non-repeatable levels by time:
     D:1: 106 daAuts
